 Dungeon Crawl Stone Soup version 0.18-b1-16-g289874d (webtiles) character file.

21422 nikopol the Spear-Bearer (level 12, -6/163 (165) HPs)
             Began as a Minotaur Berserker on May 1, 2016.
             Was the Champion of Trog.
             Mangled by mrath's ghost (12 damage)
             ... in an ice cave.
             The game lasted 01:18:26 (15454 turns).

nikopol the Spear-Bearer (Minotaur Berserker)      Turns: 15454, Time: 01:18:26

HP:   -6/163 (165)  AC: 15    Str: 36    XL:     12   Next: 54%
MP:   11/11         EV: 17    Int:  4    God:    Trog [******]
Gold: 695           SH:  0    Dex: 13    Spells: 0 memorised, 11 levels left

rFire  + . .     SeeInvis .     u - +3 halberd of Orthodoxy {drain, *Noise Str+7}
rCold  . . .     Gourm    .     R - +2 ring mail {rPois}
rNeg   . . .     Faith    .     (shield currently unavailable)
rPois  +         Spirit   .     (helmet restricted)
rElec  .         Dismiss  .     v - +1 cloak
rCorr  .         Reflect  .     f - +0 pair of gloves
SustAt .         Harm     .     J - +0 pair of boots
MR     .....                    (no amulet)
Stlth  ..........               (no ring)
                                y - ring of protection from fire

@: berserking (expiring), very quick, not resistant to hostile enchantments,
extremely unstealthy
A: retaliatory headbutt, horns 2
a: Berserk, Trog's Hand, Brothers in Arms, Burn Spellbooks, Renounce Religion


You were in an ice cave.
You worshipped Trog.
Trog was exalted by your worship.
You were hungry.

You visited 2 branches of the dungeon, and saw 15 of its levels.
You also visited: Ice Cave.

You collected 695 gold pieces.

Inventory:

Hand Weapons
 u - the +3 halberd of Orthodoxy (weapon) {drain, *Noise Str+7}
   (Trog gifted it to you on level 4 of the Lair of Beasts)

   A truly terrible weapon, it drains the life of those it strikes.
   It affects your strength (+7).
   It may make noises in combat.
 U - a +3 glaive of venom
Missiles
 E - 2 silver javelins (quivered)
Armour
 f - a +0 pair of gloves (worn)
 t - a +3 ring mail of fire resistance
 v - a +1 cloak (worn)
 C - the +2 ring mail of Peh Birhuca {rElec Dex+2 SInv}
   (You found it on level 6 of the Dungeon)

   It affects your dexterity (+2).
   It insulates you from electricity.
   It lets you see invisible.
 J - a +0 pair of boots (worn)
 R - a +2 ring mail of poison resistance (worn)
Jewellery
 y - a ring of protection from fire (left hand)
Wands
 a - a wand of lightning (4/15)
 h - a wand of paralysis (13/24)
 q - a wand of iceblast (10/15)
 s - a wand of confusion (28/48)
 B - a wand of flame (26/48)
 H - a wand of iceblast (10/15)
 L - a wand of slowing (26/48)
 N - a wand of confusion (31/48)
 T - a wand of paralysis (4/24)
 X - a wand of iceblast (3/15)
Scrolls
 b - a scroll of silence {unknown}
 d - 3 scrolls of blinking
 e - 5 scrolls of fog
 i - 4 scrolls of identify
 l - 9 scrolls of teleportation
 o - 2 scrolls of enchant weapon
 r - 4 scrolls of remove curse
 F - 3 scrolls of fear
 G - 2 scrolls of summoning
Potions
 g - 2 potions of brilliance
 j - a potion of berserk rage
 m - a potion of ambrosia
 n - 2 potions of cancellation
 p - 4 potions of might
 w - 2 potions of agility
 x - 2 potions of curing
 z - 3 potions of heal wounds
 K - 2 potions of flight
 S - 3 potions of haste
Comestibles
 c - 9 bread rations
 k - 13 chunks of flesh
 A - 4 beef jerkies
 D - 4 meat rations
 P - 12 fruits
 Q - 8 slices of pizza
 V - a royal jelly


   Skills:
 + Level 11.5 Fighting
 * Level 14.0 Polearms
 + Level 7.7 Throwing
 + Level 11.0 Armour
 + Level 10.2 Dodging


You had 11 spell levels left.
You didn't know any spells.

Dungeon Overview and Level Annotations

Branches:
Dungeon (11/15)            Temple (0/1) D:6            Lair (4/8) D:11
    Orc (0/2) D:10
  Swamp: Lair:3-6    Shoals: Lair:3-6     Snake: Lair:3-6    Spider: Lair:3-6

Altars:
Ashenzari
Dithmenos
Fedhas
Gozag
Kikubaaqudgha
Qazlal
Yredelemnul
Zin

Shops:
D:11 }(}

Annotations:
IceCv mrath's ghost, journeyman HOMo


Innate Abilities, Weirdness & Mutations

You reflexively headbutt those who attack you in melee.
You have a pair of horns on your head.


Message History

* * * LOW HITPOINT WARNING * * *
You hit mrath's ghost.
Mrath's ghost is almost destroyed.
You miss mrath's ghost.
Mrath's ghost is almost destroyed.
The ice devil hits you but does no damage.
The ice devil barely misses you. You furiously retaliate!
You headbutt the ice devil! Mrath's ghost closely misses you.
You completely miss mrath's ghost.
Mrath's ghost is almost destroyed.
You miss mrath's ghost.
Your halberd of Orthodoxy comments on the weather.
Mrath's ghost is almost destroyed.
The ice devil hits you!
* * * LOW HITPOINT WARNING * * *
The ice devil freezes you!
* * * LOW HITPOINT WARNING * * *
The ice devil closely misses you. You furiously retaliate!
You headbutt the ice devil!! Mrath's ghost hits you!
You die...

#####
##...##
##.....##
#...∩...#
#..4∩...#
##@4...##
##W4.##
##...#
#...##
#...#
##(..#
#...#
..((.#
.(.....


You could see 3 ice devils and mrath's ghost.

Vanquished Creatures
  2 hydras
  An unseen horror (D:11)
  2 hill giants
  A black mamba (Lair:4)
  2 gargoyles (D:10)
  A spiny frog (Lair:3)
  A komodo dragon (Lair:2)
  An ice devil (IceCv)
  A troll (D:10)
  5 blink frogs (Lair:1)
  3 wyverns
  A wraith (D:11)
  A basilisk (D:10)
  32 yaks
  4 fire bats (D:9)
  A vampire (D:10)
  A hungry ghost (D:7)
  A hippogriff (D:7)
  A hell hound (D:9)
  4 water moccasins
  9 porcupines
  2 orc warriors
  3 sky beasts
  3 phantoms
  A black bear (D:9)
  4 ice beasts
  8 ogres
  4 wolves (Lair:2)
  4 centaurs
  2 necrophages (D:11)
  5 crocodiles
  An elf zombie (D:11)
  12 giant frogs
  4 big kobolds
  A gnoll sergeant (D:10)
  3 scorpions
  11 killer bees
  4 howler monkeys (D:10)
  15 wights
  4 crimson imps
  4 jellies
  2 lava snakes (D:9)
  A giant frog zombie (D:5)
  2 hounds
  7 orc wizards
  3 giant frog skeletons
  6 orc priests
  2 centaur skeletons
  4 human zombies (D:11)
  7 iguanas
  Ijyb (D:3)
  Terence (D:3)
  8 worker ants
  2 hell rats (Lair:3)
  3 sheep
  A killer bee zombie (D:8)
  A hound skeleton (D:11)
  4 gnolls (D:10)
  17 adders
  24 river rats
  2 shadow imps
  12 white imps (Lair:4)
  2 oozes (D:3)
  An adder skeleton (D:6)
  4 adder zombies
  A worm (D:2)
  2 dart slugs
  3 giant geckos
  29 orcs
  5 ball pythons
  4 giant cockroaches
  7 goblins
  5 hobgoblins
  23 jackals
  7 quokkas
  6 bats
  2 giant gecko skeletons (D:4)
  3 giant newts
  A jackal skeleton (D:6)
  9 kobolds
  3 orc zombies (D:11)
  A quokka skeleton (D:4)
  8 rats
  2 fire vortices (D:9)
  A plant (D:4)
409 creatures vanquished.

Vanquished Creatures (others)
  A wight (D:10)
  A fire vortex (D:9)
  3 fungi
  A plant (Lair:3)
6 creatures vanquished.

Grand Total: 415 creatures vanquished

Notes
Turn   | Place    | Note
--------------------------------------------------------------
     0 | D:1      | nikopol the Minotaur Berserker began the quest for the Orb.
     0 | D:1      | Reached XP level 1. HP: 19/19 MP: 0/0
   262 | D:1      | Reached XP level 2. HP: 27/27 MP: 1/1
   272 | D:1      | Reached skill level 4 in Polearms
   722 | D:1      | Reached ** piety under Trog
   899 | D:2      | Reached XP level 3. HP: 33/33 MP: 2/2
  1016 | D:2      | Found a shadowy altar of Dithmenos.
  1896 | D:2      | Reached XP level 4. HP: 41/41 MP: 3/3
  1969 | D:2      | You fall through a shaft!
  2127 | D:3      | Found an opulent altar of Gozag.
  2320 | D:3      | Noticed Ijyb
  2373 | D:3      | Killed Ijyb
  2477 | D:3      | Noticed Terence
  2482 | D:3      | Killed Terence
  2482 | D:3      | Reached *** piety under Trog
  2482 | D:3      | Reached skill level 5 in Fighting
  2482 | D:3      | Reached XP level 5. HP: 45/48 MP: 4/4
  2577 | D:3      | Reached skill level 5 in Polearms
  2792 | D:4      | Found a blossoming altar of Fedhas.
  2846 | D:4      | Found a stormy altar of Qazlal.
  2878 | D:4      | Reached XP level 6. HP: 49/56 MP: 5/5
  3295 | D:4      | Found a shadowy altar of Dithmenos.
  3484 | D:4      | Found a glowing silver altar of Zin.
  3484 | D:4      | Found a shattered altar of Ashenzari.
  3642 | D:4      | Reached skill level 6 in Polearms
  3642 | D:4      | Reached XP level 7. HP: 44/62 MP: 6/6
  3884 | D:5      | Entered Level 5 of the Dungeon
  3958 | D:5      | Reached skill level 5 in Armour
  4185 | D:5      | Reached **** piety under Trog
  4258 | D:5      | Reached skill level 5 in Dodging
  4931 | D:6      | Reached XP level 8. HP: 67/71 MP: 7/7
  4940 | D:6      | Got a distressingly furry ring mail
  4958 | D:6      | Reached skill level 7 in Polearms
  5305 | D:6      | Found a staircase to the Ecumenical Temple.
  6259 | D:7      | Reached ***** piety under Trog
  6259 | D:7      | Reached skill level 8 in Polearms
  6332 | D:7      | Reached XP level 9. HP: 53/81 MP: 8/8
  6339 | D:7      | Reached skill level 1 in Throwing
  7103 | D:8      | Reached skill level 9 in Polearms
  7211 | D:8      | Noticed a three-headed hydra
  7217 | D:8      | Killed a six-headed hydra
  7217 | D:8      | Reached skill level 10 in Polearms
  7219 | D:8      | Reached XP level 10. HP: 76/91 MP: 9/9
  8158 | D:9      | Received a gift from Trog
  8457 | D:9      | Found an ancient bone altar of Kikubaaqudgha.
  8457 | D:9      | Found a basalt altar of Yredelemnul.
  8509 | D:9      | Reached skill level 11 in Polearms
  9012 | D:9      | Reached skill level 5 in Throwing
  9462 | D:10     | Entered Level 10 of the Dungeon
  9581 | D:10     | Received a gift from Trog
  9591 | D:10     | Reached XP level 11. HP: 99/99 MP: 10/10
  9608 | D:10     | Got a twisted ring mail
  9727 | D:10     | Found a staircase to the Orcish Mines.
  9760 | D:10     | Reached skill level 10 in Fighting
 10065 | D:10     | Reached skill level 12 in Polearms
 10066 | D:10     | Received a gift from Trog
 10165 | D:10     | Identified the +2 ring mail of Peh Birhuca {rElec Dex+2 SInv} (You found it on level 6 of the Dungeon)
 10181 | D:10     | Identified the cursed +1 ring mail "Etoabe" {rN+} (You found it on level 10 of the Dungeon)
 10391 | D:10     | Noticed a hill giant
 10404 | D:10     | Killed a hill giant
 11301 | D:11     | Found Teischu's Weapon Shop.
 11301 | D:11     | Found a staircase to the Lair.
 11356 | D:11     | Noticed a hill giant
 11362 | D:11     | Killed a hill giant
 11362 | D:11     | Reached skill level 10 in Armour
 11761 | D:11     | Found Keoqez's Gadget Shoppe.
 11833 | D:11     | Reached skill level 13 in Polearms
 11857 | D:11     | Got a fine leather armour
 11868 | D:11     | Identified the +2 leather armour "Opuica Tosu" {rElec rN+ Int-3 Stlth+} (You found it on level 11 of the Dungeon)
 11956 | D:11     | Reached ****** piety under Trog
 11956 | D:11     | Received a gift from Trog
 12036 | D:11     | Found Urekh's Gadget Shop.
 12057 | D:11     | Found a basalt altar of Yredelemnul.
 12153 | D:11     | Noticed an unseen horror
 12154 | D:11     | Killed an unseen horror
 12356 | Lair:1   | Entered Level 1 of the Lair of Beasts
 12491 | Lair:1   | Identified the Catalogue of Conjuration and Black Rituals
 12952 | Lair:1   | Reached XP level 12. HP: 87/107 MP: 11/11
 13355 | Lair:2   | Received a gift from Trog
 14570 | Lair:3   | Noticed a seven-headed hydra
 14579 | Lair:3   | Killed a four-headed hydra
 14579 | Lair:3   | Reached skill level 10 in Dodging
 15314 | Lair:4   | Received a gift from Trog
 15317 | Lair:4   | Got an ebony halberd {god gift}
 15334 | Lair:4   | Identified the +3 halberd of Orthodoxy {drain, *Noise Str+7} (Trog gifted it to you on level 4 of the Lair of Beasts)
 15363 | Lair:4   | Found a frozen archway.
 15388 | IceCv    | Entered an ice cave
 15408 | IceCv    | Reached skill level 14 in Polearms
 15419 | IceCv    | Noticed mrath's ghost (journeyman HOMo)
 15454 | IceCv    | HP: 6/163 [ice devil (15)]
 15454 | IceCv    | Mangled by mrath's ghost

Skill      XL: |  1  2  3  4  5  6  7  8  9 10 11 12 |
---------------+-------------------------------------+-----
Polearms       | 4 5 6 8 10 11 13 14 | 14.0
Fighting       | 4 5 6 8 9 10 11 | 11.5
Armour         | 3 4 5 7 8 9 10 11 | 11.0
Dodging        | 3 4 5 6 7 8 9 10 | 10.2
Throwing       | 3 5 6 7 |  7.7

Action                   |  1- 3 |  4- 6 |  7- 9 | 10-12 || total
-------------------------+-------+-------+-------+-------++-------
Melee: Spear             |   120 |   218 |   216 |       ||   554
       Headbutt          |    21 |    46 |    72 |   132 ||   271
       Halberd           |       |       |   153 |   679 ||   832
Throw: Tomahawk          |       |       |     2 |   113 ||   115
       Javelin           |       |       |       |    27 ||    27
Invok: Burn Spellbooks   |       |       |     2 |     4 ||     6
       Berserk           |       |       |     1 |     4 ||     5
  Use: Scroll            |       |       |       |    25 ||    25
  Eat: Chunk             |     3 |     6 |    13 |    29 ||    51
       Royal jelly       |       |       |       |     1 ||     1
Armor: Animal skin       |     2 |       |       |       ||     2
       Ring mail         |    29 |    53 |    99 |   157 ||   338
Dodge: Dodged            |    63 |    71 |   184 |   369 ||   687
